 Dungeon Crawl Stone Soup version 0.32-a0-433-g08bcfe7efd (webtiles) character file.

Game seed: 14362761337302311556

987 PriceMaster the Magician (level 7, 0/28 HPs)
             Began as a Spriggan Earth Elementalist on Feb 23, 2024.
             Was a Believer of Hepliaklqana.
             Succumbed to a hornet's poison
             ... on level 5 of the Dungeon.
             The game lasted 00:09:57 (5017 turns).

PriceMaster the Magician (SpEE)                     Turns: 5017, Time: 00:09:58

Health: 0/28       AC:  3    Str:  4    XL:     7   Next: 97%
Magic:  15/27      EV: 23    Int: 18    God:    Hepliaklqana [**....]
Gold:   193        SH:  0    Dex: 16    Spells: 12/19 levels left

rFire   . . .        x - +5 dagger (speed)
rCold   . . .        (no shield)
rNeg    . . .        a - +0 robe
rPois   .            (helmet restricted)
rElec   .            p - +0 cloak
rCorr   .            (gloves unavailable)
SInv    +            (boots unavailable)
Will    +....        (no amulet)
Stlth   +++          h - +5 ring of evasion
HPRegen 0.24/turn    k - ring of magical power
MPRegen 0.20/turn

%: no passive effects
@: lethally poisoned (0 -> -8), slowed, quick
A: reduced essence, very small, no large weapons, unfitting armour, see
invisible, speed 3
a: Renounce Religion, Recall Ancestor, Ancestor Identity


You were on level 5 of the Dungeon.
You worshipped Hepliaklqana.
Hepliaklqana was pleased with you.
You visited 1 branch of the dungeon, and saw 5 of its levels.

You collected 193 gold pieces.

Inventory:

Hand Weapons
 d - a +0 heavy long sword
 x - a +5 dagger of speed (weapon)
Armour
 a - a +0 robe (worn)
 p - a +0 cloak (worn)
Jewellery
 h - a +5 ring of evasion (left hand)
 i - a ring of poison resistance
 k - a ring of magical power (right hand)
Wands
 s - a wand of flame (30)
 D - a wand of polymorph (10)
Scrolls
 f - 3 scrolls of immolation
 g - 2 scrolls of amnesia
 n - 3 scrolls of teleportation
 r - 2 scrolls of fog {unknown}
 v - 3 scrolls of poison {unknown}
 y - a scroll of silence {unknown}
 z - a scroll of vulnerability {unknown}
 A - a scroll of butterflies {unknown}
 B - a scroll of acquirement {unknown}
Potions
 b - a potion of magic
 c - 3 potions of curing
 e - a potion of invisibility {unknown}
 j - 2 potions of brilliance {unknown}
 m - a potion of degeneration {unknown}
 o - 2 potions of ambrosia
 q - 2 potions of enlightenment {unknown}
 t - a potion of heal wounds {unknown}
 u - a potion of attraction {unknown}
 w - a potion of resistance {unknown}
 C - 2 potions of lignification {unknown}


   Skills:
 + Level 0.6 Fighting
 + Level 1.6(1.9) Short Blades
 + Level 0.9(1.2) Long Blades
 + Level 3.9 Dodging
 + Level 4.9 Stealth
 + Level 6.9 Spellcasting
 + Level 2.1 Conjurations
 + Level 5.6 Earth Magic


You had 12 spell levels left.
You knew the following spells:

 Your Spells              Type           Power      Damage    Failure   Level
a - Sandblast             Erth           52%        2d12      1%          1
b - Stone Arrow           Conj/Erth      40%        3d9       7%          3
c - Passwall              Erth           26%        N/A       3%          3

Your spell library contained the following spells:

 Spells                   Type           Power      Damage    Failure   Level
 Brom's Barrelling Bould  Conj/Erth      20%        2d4       22%         4
 Call Canine Familiar     Summ           6%         N/A       32%         3
 Sigil of Binding         Hex            6%         N/A       32%         3
 Petrify                  Alch/Erth      16%        N/A       34%         4
 Dimensional Bullseye     Hex/Tloc       3%         N/A       73%         4


Dungeon Overview and Level Annotations

Branches:
Dungeon (5/15)
 Temple: D:4-7

Altars:
Cheibriados
Hepliaklqana
Zin

Shops:
D:3 :

Annotations:
D:5 1 transporter, Sobieck's ghost, novice CoBr


Innate Abilities, Weirdness & Mutations

Your life essence is reduced to manifest your ancestor. (-10% HP)
You are very small and have problems with some larger weapons.
You are too small for most types of armour.
You have supernaturally acute eyesight. (SInv)
You cover ground extremely quickly. (Speed+++)


Message History

You feel sick. The killer bee completely misses you.
The killer bee closely misses you. The killer bee barely misses you. x2
Leekushy barely misses Sobieck's ghost.
As you read the scroll labelled SIFIOF XIAGG, it crumbles to dust.
You feel strangely unstable.
It was a scroll of teleportation.
You feel sick. The killer bee barely misses you. The killer bee misses you.
The killer bee stings you.
* * * LOW HITPOINT WARNING * * *
The killer bee barely misses you.
Leekushy hits Sobieck's ghost but does no damage.
The killer bee stings you but does no damage.
The killer bee barely misses you. The killer bee completely misses you.
Leekushy hits Sobieck's ghost with a +0 dagger of draining.
You feel better. The killer bee barely misses you.
The killer bee closely misses you. The killer bee misses you.
Leekushy hits Sobieck's ghost but does no damage.
The killer bee closely misses you. The killer bee misses you.
Leekushy barely misses the killer bee.
The hornet closely misses you.
Casting: Stone Arrow (quite dangerous; 7% risk of failure)
Confirm with . or Enter, or press ? or * to list all spells.
Okay, then.
Casting: Stone Arrow (quite dangerous; 7% risk of failure)
Confirm with . or Enter, or press ? or * to list all spells.
Aiming: Passwall (dangerous; 3% risk of failure)
Press: ? - help, Dir - move target, p - Sobieck's ghost A rock wall.
The killer bee misses you. The killer bee barely misses you.
Leekushy completely misses the killer bee.
The killer bee stings you.
The killer bee stings you but does no damage.
The hornet stings you!
* * * LOW HITPOINT WARNING * * *
You are lethally poisoned!
You feel yourself slow down.
Leekushy hits the killer bee with a +0 dagger of draining!
You begin to meditate on the wall.
You continue meditating on the rock.
Your surroundings suddenly seem different.
Your meditation is interrupted.
You die...
Hepliaklqana delivers you to your ancestors.

#.######.............♣~~~~P~~~..#
.....#######'#......♣~~♣P~~P~♣♣.#
......# #..######.♣~~~P~~~P♣~..
......# ##.######..♣P~P~~P~~P~♣.
......# #..##......♣~~~~≈~~~~~♣.
......## #.###....#♣~~P≈≈≈≈~~~~..
.......###.........♣♣~~≈≈≈≈≈~~♣~.
.....#..#.........♣♣~~~≈≈≈≈≈PP~♣♣
..#####......<..@..~~~≈≈≈≈≈≈≈~♣♣♣
.......#...........PPP≈≈≈≈≈≈≈~~~.
..>....#...........♣♣P≈≈≈≈≈≈≈PP~♣
.......#..........♣♣~~≈≈≈≈≈≈≈≈P♣.
......)#..........♣P~≈≈≈≈≈≈≈≈≈~♣.
.......#>#........♣~~♣≈≈≈≈≈≈~≈P♣♣
.......#.#........♣♣~~≈≈≈≈≈≈≈P~P♣
.......#...........P~~~≈≈≈≈~~~P♣♣
.......#...........~P~~P~~≈P~~~~#


There were no monsters in sight!

Vanquished Creatures
  An ogre (D:4)
  A phantom (D:5)
  A scorpion (D:4)
  A killer bee (D:5)
  A howler monkey (D:5)
  A bombardier beetle (D:5)
  3 iguanas
  A sleepcap (D:3)
  Natasha (twice) (D:3)
  An orc wizard (D:4)
  4 adders
  A ribbon worm (D:2)
  4 dart slugs
  7 orcs
  6 endoplasms
  9 giant cockroaches
  3 goblins
  10 hobgoblins
  A jackal (D:4)
  4 quokkas
  6 ball pythons
  8 bats
  3 frilled lizards
  8 kobolds
  4 rats
91 creatures vanquished.

Vanquished Creatures (collateral kills)
  2 ice beasts (D:5)
  A phantom (D:4)
  A scorpion (D:5)
  An iguana (D:4)
  A jackal (D:4)
6 creatures vanquished.

Vanquished Creatures (others)
  2 ancestors (D:3)
2 creatures vanquished.

Grand Total: 99 creatures vanquished

Notes
Turn   | Place    | Note
-------+----------+-------------------------------------------
     0 | D:1      | PriceMaster the Spriggan Earth Elementalist began the quest
                  | for the Orb.
     0 | D:1      | Reached XP level 1. HP: 9/9 MP: 5/5
   336 | D:1      | Reached XP level 2. HP: 13/13 MP: 3/6
   475 | D:1      | Reached skill level 3 in Spellcasting
   994 | D:2      | Reached XP level 3. HP: 16/16 MP: 8/8
   998 | D:2      | Learned a level 3 spell: Stone Arrow
  1731 | D:2      | Reached XP level 4. HP: 21/21 MP: 10/10
  2207 | D:3      | Found a faded altar of an unknown god.
  2230 | D:3      | Prayed at the altar of an unknown god.
  2230 | D:3      | Became a worshipper of Hepliaklqana the Forgotten
  2230 | D:3      | Reached * piety under Hepliaklqana
  2377 | D:3      | Noticed Natasha
  2381 | D:3      | Killed Natasha
  2382 | D:3      | Reached skill level 1 in Conjurations
  2508 | D:3      | Reached XP level 5. HP: 21/21 MP: 11/11
  2633 | D:3      | Noticed Natasha
  2643 | D:3      | Killed Natasha
  2720 | D:3      | Found Ymatymid's Book Shop.
  2864 | D:3      | Found a snail-covered altar of Cheibriados.
  2938 | D:3      | Identified the +0 leather armour of the Orcish Mines {Fly
                  | rPois rF+ rCorr}
  2967 | D:4      | Reached skill level 4 in Spellcasting
  3033 | D:4      | Noticed an ogre
  3044 | D:4      | Killed an ogre
  3045 | D:4      | Reached XP level 6. HP: 25/25 MP: 11/14
  3189 | D:4      | Reached skill level 5 in Spellcasting
  3378 | D:4      | Reached ** piety under Hepliaklqana
  3380 | D:4      | Remembered your ancestor Leekushy as a hexer
  3487 | D:4      | Reached skill level 5 in Earth Magic
  3573 | D:4      | Reached XP level 7. HP: 15/28 MP: 16/16
  4079 | D:5      | Entered Level 5 of the Dungeon
  4079 | D:5      | Noticed a hornet
  4131 | D:5      | Reached skill level 1 in Short Blades
  4131 | D:5      | Reached skill level 6 in Spellcasting
  4199 | D:5      | Found a transporter.
  4238 | D:5      | Found a transporter.
  4240 | D:5      | Noticed Sobieck's ghost (novice CoBr)
  4301 | D:5      | Learned a level 3 spell: Passwall
  4722 | D:5      | Found a glowing silver altar of Zin.
  5017 | D:5      | Succumbed to a hornet's poison

Illustrated notes

Levels and vault maps discovered:
D:1:      lightli_arrival_flooded_house, layout_basic,
          dreamdust_princess_corridor, minmay_tromino_mix6
D:2:      layout_basic
D:3:      layout_loops_ring, lemuel_doored_altar,
          hellmonk_ecumenical_altar_blasted, serial_shops,
          nicolae_shop_rolling_square, uniq_natasha
D:4:      layout_basic
D:5:      layout_basic, mainiacjoe_overflow_paths, gammafunk_ghost_hive,
          serial_bayou, serial_bayou_ford_a, serial_bayou_lagoon_b,
          serial_bayou_shore_b, serial_bayou_lake_a

Skill      XL: |  1  2  3  4  5  6  7 |
---------------+----------------------+-----
Dodging        | 3 |  3.9
Earth Magic    | 3 4 5 |  5.6
Spellcasting   | 3 4 5 6 |  6.9
Conjurations   | 1 2 |  2.1
Stealth        | 4 |  4.9
Short Blades   | 1 |  1.6
Fighting       | |  0.6
Long Blades    | |  0.9

Action                     |  1- 3 |  4- 6 |  7- 9 || total
---------------------------+-------+-------+-------++-------
  Melee: Unarmed           |     2 |       |       ||     2
         Long sword        |    19 |     6 |       ||    25
         Dagger            |       |    32 |    71 ||   103
   Cast: Sandblast         |    53 |    36 |     5 ||    94
         Stone Arrow       |    10 |    14 |    13 ||    37
         Passwall          |       |       |     4 ||     4
 Invoke: Ancestor Identity |       |     1 |       ||     1
         Recall Ancestor   |       |     1 |     1 ||     2
         Ancestor Life: He |       |     1 |       ||     1
  Evoke: Wand              |       |       |     1 ||     1
    Use: Scroll            |       |       |     6 ||     6
         Potion            |       |       |     1 ||     1
   Stab: Sleeping          |     1 |     2 |       ||     3
         Confused          |       |     1 |       ||     1
         Distracted        |       |       |     1 ||     1
 Armour: Robe              |    21 |     9 |    12 ||    42
  Dodge: Dodged            |    46 |    41 |    53 ||   140

Table legend: (Time is in decaauts)
 A = Elapsed time spent in this place.
 B = Non-inter-level travel time spent in this place.
 C = Inter-level travel time spent in this place.
 D = Time resting spent in this place.
 E = Time spent auto-exploring this place.
 F = Levels seen in this place.
 G = Mean time per level.
                   A        B        C        D        E       F      G
               +--------+--------+--------+--------+--------+-----+--------+
         Total |   3789 |   3739 |     50 |    262 |   2751 |   5 |  757.8 |
       Dungeon |   3789 |   3739 |     50 |    262 |   2751 |   5 |  757.8 |
               +--------+--------+--------+--------+--------+-----+--------+

Top non-repeatable levels by time:
     D:2: 892 daAuts
     D:4: 854 daAuts
     D:1: 802 daAuts
     D:5: 673 daAuts
     D:3: 565 daAuts
